Map: Year Zero LE

Players

Serral

  • Race: Zerg Zerg
  • Spawn Location: 1:00

gumiho - Winner!

  • Race: Terran Terran
  • Spawn Location: 11:00

Event: IEM Season 13: Katowice (2019)

VOD

Have the link to the VOD?

Description

Time

  • Played on: March 1, 2019, 8:14 a.m.
  • Length: 25:55

All games in this series

Show
View Real Time Build Order
Export as new Build Order

Serral Zerg 

Build Orders: Hatch First, Brood Lord Corruptor 

Get SALT Encoding   

  12  0:00  Drone  
  13  0:13  Overlord  
  13  0:18  Drone  
  14  0:31  Drone  
  14  0:32  Drone  
  16  0:51  Hatchery  
  16  0:52  Drone  
  16  0:56  Drone  
  17  1:00  Drone  
  18  1:11  Extractor  
  17  1:15  Spawning Pool  
  16  1:18  Drone  
  16  1:22  Drone  
  18  1:29  Drone  
  19  1:39  Drone  
  20  1:50  Drone  
  21  2:02  Queen x2  
  21  2:03  Zergling x4  
  27  2:19  Hatchery  
  26  2:24  Overlord  
  26  2:27  Drone  
  26  2:28  Drone  
  28  2:33  Metabolic Boost  
  28  2:43  Drone x3  
  31  2:50  Queen  
  33  2:55  Overlord  
  33  2:57  Drone  
  34  3:00  Drone  
  34  3:01  Drone  
  36  3:14  Drone x2  
  36  3:16  Drone x3  
  36  3:19  Drone  
  42  3:26  Queen  
  44  3:31  Roach Warren  
  44  3:32  Queen  
  45  3:37  Overlord  
  45  3:39  Drone  
  46  3:41  Drone  
  46  3:42  Drone  
  46  3:45  Drone  
  46  3:46  Drone  
  50  3:51  Drone  
  50  3:55  Overlord  
  50  4:03  Queen  
  50  4:04  Lair  
  50  4:05  Drone  
  50  4:08  Drone  
  50  4:09  Extractor x2  
  52  4:12  Drone  
  52  4:13  Drone x2  
  55  4:18  Zergling x6  
  58  4:25  Zergling x6  
  58  4:30  Overlord x2  
  62  4:44  Overlord  
  61  4:49  Drone x5  
  61  4:50  Drone x4  
  70  4:53  Spore Crawler  
  70  4:54  Drone  
  70  4:59  Drone x2  
  72  5:00  Drone x2  
  72  5:04  Drone  
  72  5:06  Glial Reconstitution  
  74  5:08  Overlord  
  74  5:10  Evolution Chamber, Overseer  
  74  5:12  Overlord  
  74  5:13  Drone  
  74  5:20  Extractor, Overlord  
  74  5:21  Extractor  
  72  5:22  Drone x2  
  72  5:25  Overlord  
  72  5:26  Overlord  
  74  5:30  Drone x3  
  76  5:36  Roach  
  76  5:37  Roach x2  
  81  5:45  Overseer  
  81  5:48  Roach x3  
  81  5:49  Drone x6  
  91  5:53  Drone x2  
  91  5:55  Spore Crawler, Extractor  
  90  5:57  Zerg Missile Weapons Level 1  
  90  6:00  Drone x2  
  90  6:01  Drone  
  93  6:04  Drone  
  93  6:08  Roach  
  96  6:15  Hatchery  
  96  6:17  Overlord  
  98  6:18  Roach x2  
  98  6:21  Roach x2  
  98  6:24  Drone  
  103  6:27  Infestation Pit  
  103  6:31  Roach x2  
  106  6:33  Overlord x3  
  106  6:37  Overlord  
  106  6:39  Overlord  
  106  6:42  Overlord  
  108  6:47  Roach x3  
  108  6:49  Overlord  
  108  6:51  Roach  
  114  6:56  Roach  
  114  6:57  Roach x3  
  114  6:59  Ravager x4  
  114  7:00  Ravager  
  127  7:06  Infestor x2  
  127  7:07  Roach x2  
  135  7:10  Roach  
  135  7:15  Drone x4  
  141  7:18  Drone x2  
  143  7:28  Queen, Drone x2  
  143  7:29  Hive  
  147  7:32  Spire  
  147  7:34  Drone x3  
  149  7:39  Roach x3  
  149  7:41  Pneumatized Carapace  
  153  7:44  Overlord  
  153  7:45  Overseer  
  153  7:46  Roach  
  153  7:49  Extractor x2  
  153  7:52  Roach x3  
  153  7:53  Infestor  
  153  7:57  Drone x2  
  163  7:59  Zerg Missile Weapons Level 2  
  163  8:01  Roach  
  173  8:05  Roach x4  
  173  8:09  Overlord  
  173  8:14  Roach x5  
  181  8:31  Roach x4  
  181  8:32  Roach x3  
  181  8:34  Overlord  
  181  8:39  Overlord  
  181  8:40  Overlord  
  181  8:44  Hatchery  
  181  8:45  Drone  
  181  8:46  Roach x3, Drone  
  182  8:53  Roach x5  
  177  9:03  Infestor  
  177  9:06  Overlord  
  177  9:08  Greater Spire  
  170  9:22  Drone  
  170  9:23  Drone, Evolution Chamber  
  171  9:25  Spore Crawler  
  171  9:27  Drone x3  
  171  9:28  Spine Crawler x3  
  170  9:36  Ravager x4  
  174  9:39  Overseer  
  174  9:50  Corruptor x10  
  192  9:55  Drone x2  
  192  9:56  Drone x4, Extractor  
  197  10:10  Zerg Ground Armor Level 1  
  197  10:22  Extractor  
  197  10:23  Spine Crawler  
  197  10:24  Drone x4  
  197  10:26  Spine Crawler  
  196  10:30  Brood Lord x5  
  200  10:36  Spore Crawler  
  199  10:43  Overlord  
  199  10:44  Zerg Missile Weapons Level 3  
  199  10:47  Hydralisk Den  
  199  10:48  Zerg Flyer Weapons Level 1  
  200  10:54  Pathogen Glands  
  177  11:04  Brood Lord x2  
  177  11:06  Roach x4  
  177  11:15  Brood Lord  
  177  11:18  Brood Lord  
  179  11:25  Brood Lord  
  181  11:27  Drone x2  
  181  11:28  Hatchery  
  181  11:31  Drone  
  183  11:33  Spine Crawler  
  169  11:47  Roach x8  
  169  11:49  Grooved Spines  
  185  11:55  Ravager  
  185  11:56  Ravager x4  
  190  12:06  Roach x5  
  200  12:14  Overlord x2  
  200  12:16  Overseer  
  200  12:17  Overseer x2  
  200  12:24  Zerg Ground Armor Level 2  
  198  12:38  Spine Crawler  
  198  12:39  Spine Crawler  
  198  12:42  Zerg Flyer Armor Level 1  
  192  13:01  Roach x6, Muscular Augments  
  189  13:19  Overlord  
  187  13:26  Infestor x3  
  185  13:29  Drone x2  
  187  13:34  Corruptor x2  
  187  13:35  Corruptor x2  
  187  13:38  Overlord  
  187  13:39  Spine Crawler  
  187  13:40  Drone  
  187  13:41  Spine Crawler  
  194  13:42  Drone  
  194  13:43  Drone x5  
  200  13:49  Extractor  
  200  13:50  Extractor  
  200  13:55  Overlord x2  
  196  13:56  Overseer  
  196  13:59  Neural Parasite  
  196  14:00  Spore Crawler x2  
  196  14:02  Spore Crawler x2  
  188  14:03  Spore Crawler x3, Overlord x2  
  188  14:04  Spore Crawler x2, Overseer  
  188  14:07  Viper x2  
  188  14:08  Viper x2  
  198  14:20  Hatchery  
  198  14:21  Burrow  
  197  14:27  Lair  
  197  14:28  Viper  
  197  14:36  Zerg Flyer Weapons Level 2  
  191  14:46  Brood Lord x4  
  197  14:54  Drone x3  
  197  14:55  Hatchery  
  197  14:56  Drone  
  197  14:59  Spore Crawler  
  199  15:01  Spore Crawler  
  194  15:10  Baneling Nest  
  194  15:11  Infestor x3, Ravager  
  196  15:24  Drone x3  
  196  15:27  Drone  
  197  15:29  Drone x2  
  197  15:34  Infestor x3  
  199  15:40  Drone  
  192  15:51  Roach x4  
  200  16:00  Spore Crawler  
  199  16:05  Infestor  
  199  16:08  Infestor  
  199  16:11  Infestor  
  197  16:13  Infestor  
  199  16:19  Hive  
  199  16:20  Spire  
  198  16:26  Drone x2  
  200  16:46  Spore Crawler  
  200  16:47  Spore Crawler  
  198  16:49  Spore Crawler  
  198  16:51  Drone x3  
  198  16:52  Zerg Flyer Armor Level 2  
  198  16:55  Corruptor  
  198  16:59  Spore Crawler  
  198  17:00  Spore Crawler  
  198  17:03  Spore Crawler x2  
  198  17:04  Spore Crawler  
  195  17:10  Overseer  
  195  17:31  Brood Lord, Corruptor  
  195  17:35  Zerg Flyer Weapons Level 3  
  199  17:47  Drone  
  200  18:16  Overseer x2  
  200  18:20  Spine Crawler  
  200  18:21  Brood Lord, Spine Crawler  
  197  18:44  Infestor x2  
  197  18:45  Viper  
  200  18:48  Overseer  
  200  19:00  Spore Crawler  
  200  19:01  Drone  
  200  19:03  Spore Crawler x3  
  200  19:04  Spore Crawler  
  200  19:05  Viper  
  199  19:12  Zerg Flyer Armor Level 3  
  199  19:30  Drone x2  
  198  19:47  Hydralisk Den  
  198  19:50  Centrifical Hooks  
  194  20:22  Viper x2  
  194  20:23  Spore Crawler  
  194  20:25  Spore Crawler  
  194  20:26  Spore Crawler  
  197  20:29  Spore Crawler x2  
  197  20:30  Spore Crawler  
  192  20:45  Hydralisk Den  
  192  20:46  Roach  
  192  20:47  Roach x3  
  181  21:12  Infestor x2  
  181  21:16  Corruptor x2  
  181  21:17  Corruptor x6  
  189  21:19  Corruptor x3  
  189  21:25  Queen  
  199  21:36  Extractor  
  190  21:49  Queen x2  
  194  21:57  Brood Lord x3  
  194  22:01  Hatchery  
  199  22:31  Spore Crawler  
  199  22:32  Spore Crawler x2  
  199  22:33  Spore Crawler  
  195  22:45  Spire  
  194  22:57  Corruptor x3  
  196  23:01  Corruptor  
  196  23:02  Corruptor x6  
  196  23:04  Roach x4  
  193  23:15  Corruptor x4  
  193  23:16  Corruptor  
  143  23:45  Corruptor x9  
  138  24:00  Infestor x3  
  128  24:06  Infestor  
  128  24:10  Infestor  
  128  24:11  Infestor  
  128  24:12  Corruptor  
  133  24:19  Corruptor x2  
  135  24:33  Corruptor x2  
  139  25:06  Corruptor x3  
  145  25:30  Drone x2  
  145  25:31  Drone x2  
Show
View Real Time Build Order
Export as new Build Order

gumiho Terran - Winner!

Build Orders: 2 Factory, Command Center First (CC), Hellion Banshee 

Get SALT Encoding   

  12  0:00  SCV  
  13  0:12  SCV  
  14  0:21  Supply Depot  
  14  0:24  SCV  
  15  0:42  SCV  
  16  0:54  SCV  
  17  1:01  Command Center  
  17  1:07  SCV  
  18  1:14  Barracks  
  18  1:19  SCV  
  18  1:23  Refinery  
  19  1:31  SCV  
  19  1:32  Refinery  
  20  1:43  SCV  
  21  1:55  SCV  
  21  2:01  Reaper  
  23  2:07  Orbital Command  
  23  2:13  Orbital Command  
  23  2:18  Factory  
  23  2:33  Barracks Reactor, SCV  
  24  2:40  SCV  
  25  2:45  SCV  
  25  2:47  Factory  
  26  2:52  SCV  
  26  2:57  SCV  
  28  3:04  Supply Depot  
  28  3:07  SCV, Starport  
  28  3:09  SCV  
  34  3:12  Hellion  
  34  3:13  Hellion  
  34  3:16  Barracks Tech Lab  
  34  3:19  Supply Depot  
  34  3:21  SCV  
  34  3:25  SCV  
  40  3:34  Hellion x2  
  40  3:38  SCV x2  
  42  3:41  Cyclone  
  42  3:46  Viking  
  47  3:48  Barracks Tech Lab  
  47  3:52  SCV  
  47  3:53  SCV  
  52  4:04  SCV  
  52  4:05  SCV  
  52  4:07  Supply Depot  
  50  4:10  Supply Depot  
  50  4:13  Cyclone  
  53  4:17  SCV  
  53  4:23  Command Center  
  54  4:28  SCV  
  55  4:31  Banshee  
  55  4:32  Hellion  
  55  4:33  Hellion  
  55  4:35  SCV  
  63  4:40  Supply Depot  
  63  4:41  SCV  
  64  4:47  Refinery  
  64  4:48  Refinery  
  64  4:49  SCV  
  65  4:53  SCV  
  65  4:54  Hellion x2  
  65  4:56  Mag-Field Accelerator  
  70  5:01  SCV  
  70  5:06  Hellion  
  65  5:08  SCV  
  65  5:10  Armory  
  65  5:13  SCV  
  67  5:19  Factory  
  67  5:20  SCV  
  68  5:25  SCV  
  68  5:26  Cyclone  
  68  5:27  Hellion x2  
  76  5:31  Supply Depot  
  76  5:32  SCV  
  77  5:36  Orbital Command  
  77  5:38  SCV  
  78  5:44  SCV  
  79  5:50  SCV  
  79  5:51  Starport Reactor  
  79  5:53  Hellion x2  
  79  5:56  SCV  
  85  5:58  Engineering Bay, Cyclone  
  85  6:00  Terran Vehicle And Ship Armor Level 1  
  85  6:01  SCV  
  85  6:02  SCV  
  90  6:08  SCV, Cyclone  
  94  6:12  Supply Depot  
  94  6:14  SCV x2  
  94  6:16  Supply Depot  
  96  6:20  SCV  
  96  6:23  Hellion x2  
  101  6:28  Missile Turret  
  101  6:30  Factory  
  101  6:32  Factory  
  101  6:34  SCV  
  101  6:36  SCV x2  
  101  6:39  Refinery x2  
  104  6:40  Supply Depot  
  104  6:44  Supply Depot  
  104  6:46  SCV, Cyclone x2  
  111  6:49  SCV x2  
  111  6:52  Hellion  
  111  6:53  Hellion  
  117  7:01  SCV  
  117  7:02  Supply Depot  
  117  7:03  Supply Depot  
  117  7:04  Supply Depot, SCV x2  
  118  7:08  Infernal Pre-Igniter  
  118  7:13  SCV  
  119  7:16  SCV x2  
  119  7:18  Factory Tech Lab x2  
  119  7:20  Hellion x2  
  125  7:25  Cyclone x2  
  125  7:27  SCV  
  125  7:28  SCV  
  133  7:40  Command Center  
  133  7:42  Cyclone x2  
  139  7:44  SCV  
  139  7:46  Supply Depot  
  140  7:54  Missile Turret  
  140  7:56  Terran Vehicle And Ship Armor Level 2  
  140  7:59  Factory  
  140  8:01  Factory  
  140  8:02  Medivac  
  140  8:03  Medivac  
  140  8:05  SCV x3  
  145  8:10  Supply Depot  
  145  8:15  Supply Depot, Cyclone  
  145  8:16  Supply Depot  
  145  8:19  Cyclone  
  151  8:22  Cyclone  
  151  8:25  Cyclone  
  139  8:40  Hellion  
  132  8:42  Hellion  
  132  8:47  Cyclone  
  135  8:51  Hellion  
  135  8:53  Factory Tech Lab x2  
  135  8:55  Cyclone  
  134  8:57  Siege Tank  
  133  9:07  Hellion x2  
  133  9:08  SCV x3  
  140  9:11  Armory  
  140  9:12  Siege Tank  
  140  9:16  Siege Tank  
  146  9:19  Siege Tank  
  149  9:25  Planetary Fortress  
  149  9:29  Missile Turret  
  149  9:30  Hellion x4  
  149  9:31  Hellion  
  159  9:33  Missile Turret  
  159  9:46  Refinery  
  159  9:49  Refinery  
  159  9:50  Command Center  
  153  9:57  Cyclone x4  
  153  9:59  Cyclone  
  159  10:02  Cyclone  
  162  10:12  Command Center, Terran Vehicle Weapons Level 1  
  162  10:19  Armory  
  162  10:22  Terran Vehicle And Ship Armor Level 3  
  161  10:29  Cyclone  
  161  10:33  Missile Turret, Cyclone  
  161  10:35  Hellion x5  
  177  10:37  Hellion  
  179  10:49  Sensor Tower  
  179  10:51  Viking, Command Center  
  179  10:52  Viking  
  170  11:05  Siege Tank x2  
  170  11:06  Hellion x2  
  173  11:15  Hellion x2, Cyclone x2  
  173  11:17  Orbital Command  
  183  11:26  Command Center  
  183  11:35  Sensor Tower  
  183  11:37  Orbital Command  
  174  11:58  Thor x4  
  198  12:06  Terran Ship Weapons Level 1  
  196  12:11  Viking x2  
  199  12:33  Planetary Fortress  
  199  12:36  Refinery x2  
  196  13:00  Terran Vehicle Weapons Level 2  
  190  13:07  Cyclone x2, Starport x2  
  190  13:08  Cyclone x2  
  190  13:09  Starport  
  196  13:14  Command Center  
  192  13:20  Viking x2  
  186  13:38  Thor x2  
  186  13:39  Hellion  
  200  13:43  Fusion Core  
  200  13:50  Sensor Tower  
  199  14:01  Terran Ship Weapons Level 2  
  187  14:27  Thor x2  
  199  14:33  Cyclone  
  199  14:37  Cyclone  
  199  14:38  Hellion x2, Cyclone  
  200  14:40  Viking  
  195  14:50  Starport Tech Lab x2  
  195  14:51  Starport Tech Lab, Viking  
  188  14:53  Cyclone  
  188  14:59  Hellion  
  193  15:05  Cyclone  
  194  15:09  Command Center  
  194  15:13  Raven x3  
  200  15:19  Terran Vehicle Weapons Level 3  
  188  15:32  Planetary Fortress  
  188  15:36  Viking x2  
  192  15:47  Thor  
  192  15:49  Sensor Tower  
  198  15:50  Refinery  
  198  15:53  Refinery  
  198  16:20  Command Center  
  198  16:22  Command Center  
  198  16:28  Command Center  
  198  16:31  Weapon Refit  
  198  16:32  SCV  
  200  16:33  Orbital Command  
  199  16:45  Missile Turret x2  
  199  17:08  Thor x3  
  199  17:16  Terran Ship Weapons Level 3  
  199  17:32  Orbital Command  
  199  17:34  Orbital Command  
  182  18:15  Battlecruiser  
  182  18:16  Battlecruiser x2  
  182  18:19  Viking  
  190  18:22  Medivac  
  190  18:25  Starport  
  190  18:26  Starport  
  190  18:27  Starport  
  190  18:36  Planetary Fortress  
  188  18:42  Refinery  
  178  18:49  Medivac  
  182  19:10  Starport Tech Lab x2  
  182  19:11  Starport Tech Lab  
  182  19:19  Refinery, Raven  
  182  19:23  Battlecruiser x2  
  196  19:26  Medivac x2  
  192  19:39  Command Center  
  192  19:52  Hellion  
  186  20:02  Orbital Command  
  185  20:10  Battlecruiser x3  
  197  20:20  Orbital Command  
  191  20:32  Battlecruiser  
  193  20:45  Viking  
  193  20:46  Viking  
  197  20:59  Orbital Command  
  187  21:04  Command Center  
  171  21:18  Battlecruiser  
  171  21:19  Battlecruiser x3  
  195  21:33  Orbital Command  
  193  21:58  Battlecruiser x2  
  193  22:08  Thor  
  193  22:23  Battlecruiser  
  193  22:29  Refinery  
  172  23:00  Battlecruiser x2  
  172  23:04  Battlecruiser x2  
  196  23:25  Battlecruiser  
  186  23:39  Battlecruiser  
  128  23:59  Cyclone x2  
  126  24:05  Battlecruiser  
  132  24:15  Viking  
  134  24:19  Orbital Command  
  134  24:35  Viking x2  

Tags
 
Add a new tag
Caveats
  • Supply blocks, unpowered buildings, or Contaminate may cause inaccurate times.
  • Supply counts are checked every 10 seconds.